 Dungeon Crawl Stone Soup version 0.31.0-32-g396128a36d (webtiles) character file.

Game seed: 2078158473214432666

49 H0rd4k the Charlatan (level 3, -2/24 HPs)
             Began as an Octopode Artificer on Apr 5, 2024.
             Slain by a gnoll
             ... wielding a +0 halberd
              (13 damage)
             ... on level 2 of the Dungeon.
             The game lasted 00:01:02 (1546 turns).

H0rd4k the Charlatan (Octopode Artificer)           Turns: 1546, Time: 00:01:03

Health: -2/24      AC:  1    Str: 11    XL:     3   Next: 75%
Magic:  3/3        EV: 13    Int: 15    God:
Gold:   41         SH:  0    Dex: 12    Spells: 2/2 levels left

rFire   . .          .
                       - Unarmed
rCold   . . .        (no shield)
rNeg    . . .        (helmet restricted)
rPois   .            (no amulet)
rElec   .            (no ring)
rCorr   .            (no ring)
SInv    .            (no ring)
Will    .....        (no ring)
Stlth   +++          (no ring)
HPRegen 0.24/turn    (no ring)
MPRegen 0.08/turn    (no ring)
                     (no ring)

%: no passive effects
@: no status effects
A: almost no armour, amphibious, 8 rings, camouflage 1, gelatinous body 1,
(nimble swimmer 1), tentacles
a: no special abilities


You were on level 2 of the Dungeon.
You visited 1 branch of the dungeon, and saw 2 of its levels.

You collected 41 gold pieces.

Inventory:

Talismans
 i - a flux talisman
Wands
 b - a wand of flame (15) (quivered)
 c - a wand of charming (13)
 d - a wand of iceblast (5)
Scrolls
 a - a scroll of identify {unknown}
 e - a scroll of enchant armour {unknown}
 f - 2 scrolls of teleportation {unknown}
 g - 2 scrolls of immolation {unknown}
 h - a scroll of fear {unknown}
 j - a scroll of poison {unknown}
Potions
 k - a potion of attraction {unknown}


   Skills:
 + Level 1.6 Fighting
 - Level 2.3 Dodging
 - Level 1.3 Stealth
 + Level 2.9 Unarmed Combat
 - Level 3.2 Evocations


You had 2 spell levels left.
You didn't know any spells.
Your spell library was empty.

Dungeon Overview and Level Annotations

Branches:
Dungeon (2/15)

Altars:


Innate Abilities, Weirdness & Mutations

You cannot wear most types of armour.
You are amphibious.
You can wear up to eight rings at the same time.
Your skin changes colour to match your surroundings (Stealth+).
Your rubbery body absorbs attacks. (AC +1, EV +1)
((You are camouflaged when in or above water. (Stealth+)))
You have tentacles for arms and can constrict up to eight enemies at once.


Message History

There are monsters nearby!
You barely miss the rat. You grab the rat. You squeeze the rat.
You kill the rat!
The ball python hisses angrily.
A ball python is nearby!
You closely miss the ball python. Your grab misses the ball python.
Your squeeze misses the ball python. The ball python misses you.
The ball python barely misses you.
A ball python is nearby!
You tentacle-slap the ball python.
You kill the ball python!
Things that are here:
a ball python corpse; a rat corpse
Found a robe.
No target in view!
You open the door.
A gnoll and an adder come into view.
The adder hisses angrily.
You hear a shout!
The gnoll shouts!
A gnoll comes into view. It is wielding a +0 halberd.
Found a club.
The adder barely misses you.
There is an open door here.
There are monsters nearby!
There are monsters nearby!
You barely miss the adder. Your grab misses the adder.
The adder barely misses you.
The gnoll hits you from afar with a +0 halberd!
Ouch! That really hurt!
There are monsters nearby!
You are too injured to fight recklessly!
There are monsters nearby!
You are too injured to fight recklessly!
There are monsters nearby!
You are too injured to fight recklessly!
There are monsters nearby!
You are too injured to fight recklessly!
The gnoll attacks as it pursues you!
The gnoll hits you from afar with a +0 halberd!
Ouch! That really hurt!
You die...

######## #.[ #.# #...†..# #.#
#.# .# #.####.# #.# #.##.#
#.####.### #.# #.##.#####
#.......># #.# ##.##.#...
######.#.# #.♣♣###♣#..#..♣.####.
#.#.# #.....#....§.P...... #.#.#
#.P.♣......§♣§.P.... #.#.#
#♣.P@#♣.♣♣...§♣.♣# #.#.#
♣♣.#S#♣.♣♣.♣§§..# #.#.#
♣##g##♣..♣♣§♣♣♣# #.#.###♣♣
.g.#.♣.......###
#######.#.....♣##.##..♣♣♣♣..P..#
#...<......##...#+#....[..♣♣...#
......#.#.#...♣♣♣#.♣♣.♣♣♣......#
#.##.#...###..♣.....♣.♣.......##
....###.## ##..♣P..♣.P.♣......#


You could see 2 gnolls and an adder.

Vanquished Creatures
  A ribbon worm (D:2)
  2 dart slugs (D:2)
  A ball python (D:2)
  An endoplasm (D:2)
  4 giant cockroaches
  2 hobgoblins
  6 jackals
  A kobold (D:1)
  5 quokkas (D:2)
  A bat (D:1)
  6 frilled lizards
  3 goblins (D:1)
  4 rats
37 creatures vanquished.

Vanquished Creatures (others)
  A quokka (D:2)
1 creature vanquished.

Grand Total: 38 creatures vanquished

Notes
Turn   | Place    | Note
-------+----------+-------------------------------------------
     0 | D:1      | H0rd4k the Octopode Artificer began the quest for the Orb.
     0 | D:1      | Reached XP level 1. HP: 13/13 MP: 1/1
   109 | D:1      | Reached skill level 1 in Unarmed Combat
   117 | D:1      | Reached XP level 2. HP: 10/18 MP: 2/2
   906 | D:2      | Reached XP level 3. HP: 20/23 MP: 3/3
  1546 | D:2      | Slain by a gnoll

Illustrated notes

Levels and vault maps discovered:
D:1:      lightli_arrival_windingriver, layout_basic
D:2:      wad_woods_tower, layout_loops_ring, uniq_robin

Skill      XL: |  1  2 |
---------------+-------+-----
Unarmed Combat | 1 2 |  2.9
Fighting       | |  1.6
Dodging        | |  2.3
Stealth        | |  1.3
Evocations     | |  3.2

Action                     || total
---------------------------++-------
  Melee: Unarmed           ||    90
         Constrict         ||    26
         Tentacles         ||    14
         Punch             ||     1
  Evoke: Wand              ||     2
   Stab: Sleeping          ||    12
 Armour: Skin              ||    45
  Dodge: Dodged            ||    42
